 Dungeon Crawl Stone Soup version 0.20.0-15-g7f486f2 (webtiles) character file.

957 NoAnimeNoLife the Basher (level 7, -7/52 HPs)
             Began as a Demonspawn Fighter on June 14, 2017.
             Killed by divine providence
             ... invoked by an orc priest
              (17 damage)
             ... on level 6 of the Dungeon.
             The game lasted 00:04:40 (4788 turns).

NoAnimeNoLife the Basher (Demonspawn Fighter)       Turns: 4788, Time: 00:04:40

Health: -7/52      AC:  9    Str: 16    XL:     7   Next: 91%
Magic:  0/7        EV:  6    Int: 14    God:
Gold:   260        SH:  8    Dex: 15    Spells: 6/6 levels left

rFire    . . .     SeeInvis .   a - +0 flail
rCold    + . .     Gourm    .   c - +0 shield
rNeg     + . .     Faith    .   b - +0 scale mail
rPois    .         Spirit   +   (no helmet)
rElec    .         Reflect  .   (no cloak)
rCorr    .         Harm     .   (no gloves)
MR       .....                  (no boots)
Stlth    ..........             (no amulet)
Regen    0.2/turn               h - ring of protection from cold
MPRegen  0.1/turn               x - ring of positive energy

@: brilliant, hasted, drained, very quick
A: claws 1, hooves 2, icy blue scales 2, evolution 1, magic shield, subdued
magic 1
a: no special abilities


You were on level 6 of the Dungeon.
You were not hungry.

You visited 1 branch of the dungeon, and saw 6 of its levels.

You collected 260 gold pieces.

Inventory:

Hand Weapons
 a - a +0 flail (weapon)
 y - a +1 dire flail of draining
Missiles
 w - 132 stones (quivered)
Armour
 b - a +0 scale mail (worn)
 c - a +0 shield (worn)
Jewellery
 h - a ring of protection from cold (left claw)
 x - a ring of positive energy (right claw)
 G - an uncursed ring of protection from fire {unknown}
Wands
 o - a wand of digging (15/24)
 C - a wand of flame (19/48)
Scrolls
 e - 3 scrolls of identify
 g - a scroll of recharging {unknown}
 i - 2 scrolls of remove curse {unknown}
 j - 2 scrolls of amnesia {unknown}
 m - 3 scrolls of teleportation {unknown}
 p - 2 scrolls of noise {unknown}
 q - 2 scrolls of magic mapping {unknown}
 r - 3 scrolls of enchant weapon {unknown}
 v - 2 scrolls of blinking {unknown}
 D - a scroll of immolation {unknown}
Potions
 d - 2 potions of might
 k - a potion of agility
 l - 2 potions of curing
 t - a potion of lignification
 z - a potion of flight
Comestibles
 f - 4 bread rations
 s - 2 royal jellies
 u - 6 fruits
 B - 2 meat rations


   Skills:
 - Level 3.2(2.7) Fighting
 + Level 8.4(7.9) Maces & Flails
 - Level 2.6(2.2) Armour
 - Level 2.7(2.2) Shields


You had 6 spell levels left.
You didn't know any spells.

Dungeon Overview and Level Annotations

Branches:
Dungeon (6/15)
 Temple: D:4-7

Altars:


Innate Abilities, Weirdness & Mutations

You have hoof-like feet.
You are mostly covered in icy blue scales. (AC +3)
When hurt, damage is shared between your health and your magic reserves.
You have sharp fingernails.
You evolve.
Your spells are a little easier to cast, but a little less powerful.


Message History

You miss the crimson imp.
The crimson imp is lightly wounded.
The orc throws a tomahawk.
You block the tomahawk.
The crimson imp hits you but does no damage.
The orc priest barely misses you.
You hit the crimson imp.
You kick the crimson imp, but do no damage.
The crimson imp is moderately wounded.
The crimson imp laughs crazily.
The crimson imp hits you.
The orc throws a tomahawk.
The tomahawk hits you.
You barely miss the crimson imp.
The crimson imp is lightly wounded.
The orc priest calls down the wrath of Beogh upon you.
Beogh smites you!
* * * LOW HITPOINT WARNING * * *
You feel better.
The crimson imp hits you but does no damage.
The orc priest invokes the aid of Beogh against you.
Beogh smites you!
You die...

##.......####..######
####.#### #......#
#...# ####..## ###.##
###<..##
#..####...###
##.........#
#.........#
#.5.......#
##@#####.##
#o#...#..#
#So.⌠.+....
#.#...#..###
#.#####..##
#.........[
###.###.##
#......o....#
..o.....S...#


You could see an orc priest, a crimson imp, an adder and an orc.

Vanquished Creatures
  Edmund (D:4)
  An ice beast (D:4)
  2 ogres
  A centaur (D:5)
  A bullfrog (D:6)
  An orc wizard (D:6)
  2 iguanas (D:4)
  Ijyb (D:3)
  5 worker ants
  Natasha (D:3)
  Robin (D:4)
  5 adders
  3 shadow imps
  An ooze (D:1)
  2 worms
  A dart slug (D:1)
  2 leopard geckos (D:4)
  6 orcs
  7 giant cockroaches
  10 goblins
  8 hobgoblins
  11 jackals
  3 quokkas
  2 ball pythons
  9 bats
  5 frilled lizards
  4 kobolds
  A quokka skeleton (D:4)
  7 rats
104 creatures vanquished.

Notes
Turn   | Place    | Note
-------+----------+-------------------------------------------
     0 | D:1      | NoAnimeNoLife the Demonspawn Fighter began the quest for the Orb.
     0 | D:1      | Reached XP level 1. HP: 18/18 MP: 1/1
   111 | D:1      | Reached skill level 2 in Maces & Flails
   125 | D:1      | Gained mutation: When hurt, damage is shared between your health and your magic reserves. [demonic ancestry]
   125 | D:1      | Reached XP level 2. HP: 15/24 MP: 2/2
   536 | D:1      | Reached XP level 3. HP: 29/29 MP: 3/3
   642 | D:1      | Reached skill level 3 in Maces & Flails
   959 | D:2      | Gained mutation: You are partially covered in icy blue scales. (AC +2) [demonic ancestry]
   959 | D:2      | Reached XP level 4. HP: 35/35 MP: 4/4
  1025 | D:3      | Noticed Ijyb
  1050 | D:3      | Killed Ijyb
  1050 | D:3      | Reached skill level 4 in Maces & Flails
  1405 | D:3      | You fall through a shaft!
  1432 | D:4      | Noticed an ogre
  1437 | D:4      | Killed an ogre
  1437 | D:4      | Reached skill level 5 in Maces & Flails
  1437 | D:4      | Gained mutation: You have large cloven feet. [demonic ancestry]
  1437 | D:4      | Reached XP level 5. HP: 41/41 MP: 5/5
  1730 | D:3      | Noticed Natasha
  1733 | D:3      | Killed Natasha
  1887 | D:4      | Noticed Robin
  1913 | D:4      | Killed Robin
  1930 | D:4      | Gained mutation: You have hoof-like feet. [demonic ancestry]
  1930 | D:4      | Reached XP level 6. HP: 15/47 MP: 3/6
  2257 | D:4      | Noticed an ice beast
  2274 | D:4      | Killed an ice beast
  2274 | D:4      | Reached skill level 6 in Maces & Flails
  2752 | D:4      | Noticed Edmund
  2765 | D:4      | HP: 2/47 [Edmund/dire flail of draining (1)]
  2770 | D:4      | Killed Edmund
  2770 | D:4      | Gained mutation: You are mostly covered in icy blue scales. (AC +3) [demonic ancestry]
  2770 | D:4      | Reached XP level 7. HP: 11/52 MP: 0/7
  2792 | D:4      | Reached skill level 7 in Maces & Flails
  4041 | D:5      | Entered Level 5 of the Dungeon
  4745 | D:6      | Reached skill level 8 in Maces & Flails
  4775 | D:6      | Gained mutation: You have sharp fingernails. [potion of mutation]
  4775 | D:6      | Gained mutation: Your spells are a little easier to cast, but a little less powerful. [potion of mutation]
  4775 | D:6      | Gained mutation: You evolve. [potion of mutation]
  4788 | D:6      | Killed from afar by an orc priest

Skill      XL: |  1  2  3  4  5  6  7 |
---------------+----------------------+-----
Maces & Flails | 2 3 5 6 8 |  8.4
Fighting       | |  3.2
Armour         | |  2.6
Shields        | |  2.7

Action                   |  1- 3 |  4- 6 |  7- 9 || total
-------------------------+-------+-------+-------++-------
Melee: Flail             |   131 |   168 |   128 ||   427
       Kick              |       |    23 |    27 ||    50
  Use: Potion            |       |     2 |     8 ||    10
       Scroll            |       |       |     1 ||     1
  Eat: Chunk             |       |     6 |     7 ||    13
Armor: Scale mail        |    74 |    87 |    48 ||   209
       Skin              |       |       |    27 ||    27
Dodge: Dodged            |    49 |    42 |    31 ||   122
Block: Shield            |    66 |    85 |    64 ||   215
